PCL
MEXICO CITY CERVECEROS @ ALBUQUERQUE ISOTOPES
05/11/2030
 
TOP OF THE 1ST
Mexico City Cerveceros batting - Pitching for Albuquerque Isotopes : LHP Sean Perry
Pitching: LHP Sean Perry
Batting: LHB Dan Hamilton 0-0: Fly out, F7 (Flyball, 7)
Batting: RHB John Dinkins 0-0: Called Strike
0-1: Ball
1-1: Ball
2-1: Ground out 6-3 (Groundball, 56)
Batting: LHB Mike Harris 0-0: Called Strike
0-1: Foul Ball, location: 2F
0-2: Ball
1-2: Ball
2-2: Ball
3-2: Base on Balls
Batting: RHB Juan Estrada 0-0: Ball
1-0: Ball
2-0: Fielders Choice at 2nd, 6-4 (Groundball, 6)
Top of the 1st over - 0 runs, 0 hits, 0 errors, 1 left on base; Mexico City 0 - Albuquerque 0
BOTTOM OF THE 1ST
Albuquerque Isotopes batting - Pitching for Mexico City Cerveceros : RHP Luis Libán
Pitching: RHP Luis Libán
Batting: LHB Wally Harris 0-0: Called Strike
0-1: Ball
1-1: Foul Ball, location: 2F
1-2: Ball
2-2: Foul Ball, location: 2F
2-2: Strikes out swinging
Batting: RHB Will Stafford 0-0: Swinging Strike
0-1: Foul Ball, location: 2F
0-2: Strikes out looking
Batting: LHB Burt Ward 0-0: Ball
1-0: Ball
2-0: Called Strike
2-1: Ball
3-1: Base on Balls
Batting: LHB Fernando Ortíz 0-0: Foul Ball, location: 2F
0-1: Called Strike
0-2: Ball
1-2: SINGLE (Line Drive, 4M)
Burt Ward to second
Batting: RHB Jesse McKnight 0-0: Called Strike
0-1: Ball
1-1: Ball
2-1: Ball
3-1: Fly out, F8 (Flyball, 8LM)
Bottom of the 1st over - 0 runs, 1 hit, 0 errors, 2 left on base; Mexico City 0 - Albuquerque 0
TOP OF THE 2ND
Mexico City Cerveceros batting - Pitching for Albuquerque Isotopes : LHP Sean Perry
Batting: RHB Ray Ervin 0-0: Ball
1-0: Ground out 6-3 (Groundball, 6)
Batting: LHB John Bond 0-0: Called Strike
0-1: Ball
1-1: Called Strike
1-2: Foul Ball, location: 2F
1-2: Foul Ball, location: 2F
1-2: Ball
2-2: Ball
3-2: Strikes out looking
Batting: RHB Esteban Concepción 0-0: Foul Ball, location: 2F
0-1: Ball
1-1: Ball
2-1: Ground out 6-3 (Groundball, 6)
Top of the 2nd over - 0 runs, 0 hits, 0 errors, 0 left on base; Mexico City 0 - Albuquerque 0
BOTTOM OF THE 2ND
Albuquerque Isotopes batting - Pitching for Mexico City Cerveceros : RHP Luis Libán
Batting: LHB Tanyu Imai 0-0: Called Strike
0-1: Ball
1-1: Swinging Strike
1-2: Foul Ball, location: 2F
1-2: Foul Ball, location: 2F
1-2: Ball
2-2: SINGLE (Line Drive, 4MD)
Batting: LHB José González 0-0: Ball
1-0: Swinging Strike
1-1: Fly out, F7 (Flyball, 78M)
Batting: LHB Denny Poole 0-0: Ball
1-0: Called Strike
1-1: Swinging Strike
1-2: Ball
2-2: Foul Ball, location: 2F
2-2: Ball
3-2: Strikes out looking
Tanyu Imai steals 2nd base
Batter strikes out.
Batting: RHB Piotr Zahn 0-0: Ball
1-0: SINGLE (Groundball, 56D)
Tanyu Imai to third
Runner from 3rd tries for Home, SAFE, no throw
Batting: LHB Wally Harris 0-0: Ball
1-0: Ball
2-0: Ball
3-0: Called Strike
3-1: Foul Ball, location: 2F
3-2: Strikes out swinging
Bottom of the 2nd over - 1 run, 2 hits, 0 errors, 1 left on base; Mexico City 0 - Albuquerque 1
TOP OF THE 3RD
Mexico City Cerveceros batting - Pitching for Albuquerque Isotopes : LHP Sean Perry
Batting: RHB Juan Brieno 0-0: Ball
1-0: Ground out 6-3 (Groundball, 6)
Batting: RHB Rick Ayliffe 0-0: Swinging Strike
0-1: Called Strike
0-2: DOUBLE (Line Drive, 78D)
Batting: LHB Dan Hamilton 0-0: Fly out, F4 (Line Drive, 4)
Batting: RHB John Dinkins 0-0: Fly out, F4 (Line Drive, 4M)
Top of the 3rd over - 0 runs, 1 hit, 0 errors, 1 left on base; Mexico City 0 - Albuquerque 1
BOTTOM OF THE 3RD
Albuquerque Isotopes batting - Pitching for Mexico City Cerveceros : RHP Luis Libán
Batting: RHB Will Stafford 0-0: Ball
1-0: Ball
2-0: Called Strike
2-1: Foul Ball, location: 2F
2-2: Strikes out swinging
Batting: LHB Burt Ward 0-0: Foul Ball, location: 2F
0-1: Called Strike
0-2: Foul Ball, location: 2F
0-2: Ball
1-2: Ball
2-2: Ball
3-2: Base on Balls
Batting: LHB Fernando Ortíz 0-0: Ball
1-0: Ball
Wild Pitch!
Burt Ward to second
2-0: Called Strike
2-1: TRIPLE (Flyball, 8RXD)
Burt Ward scores
Batting: RHB Jesse McKnight 0-0: Called Strike
0-1: 2-RUN HOME RUN (Line Drive, 7LD), Distance : 380 ft
Batting: LHB Tanyu Imai 0-0: Ball
1-0: Ball
2-0: Ground out 5-3 (Groundball, 5)
Batting: LHB José González 0-0: Fly out, F9 (Flyball, 9LM)
Bottom of the 3rd over - 3 runs, 2 hits, 0 errors, 0 left on base; Mexico City 0 - Albuquerque 4
TOP OF THE 4TH
Mexico City Cerveceros batting - Pitching for Albuquerque Isotopes : LHP Sean Perry
Batting: LHB Mike Harris 0-0: Ball
1-0: Called Strike
1-1: Ball
2-1: Fly out, F3 (Popup, 3S)
Batting: RHB Juan Estrada 0-0: Foul Ball, location: 2F
0-1: Ball
1-1: Swinging Strike
1-2: Foul Ball, location: 2F
1-2: Single, Error in OF, E7, batter to second base
Batting: RHB Ray Ervin 0-0: Ball
1-0: Foul Ball, location: 2F
1-1: Swinging Strike
1-2: Foul Ball, location: 2F
1-2: Ball
2-2: Strikes out swinging
Batting: LHB John Bond 0-0: Ball
1-0: Ball
2-0: Called Strike
2-1: Ball
3-1: Fly out, F6 (Line Drive, 6M)
Top of the 4th over - 0 runs, 1 hit, 1 error, 1 left on base; Mexico City 0 - Albuquerque 4
BOTTOM OF THE 4TH
Albuquerque Isotopes batting - Pitching for Mexico City Cerveceros : RHP Luis Libán
Batting: LHB Denny Poole 0-0: Ball
1-0: Called Strike
1-1: Ball
2-1: SINGLE (Flyball, 34D)
Batting: RHB Piotr Zahn 0-0: Called Strike
0-1: Foul Ball, location: 2F
0-2: Ball
Wild Pitch!
Denny Poole to second
1-2: Ball
2-2: Ball
3-2: Foul Ball, location: 2F
3-2: Strikes out looking
Batting: LHB Wally Harris 0-0: Ball
1-0: Swinging Strike
1-1: Foul Ball, location: 2F
1-2: Ball
2-2: Ball
3-2: SINGLE (Groundball, 6MD)
Denny Poole to third
Batting: RHB Will Stafford 0-0: Called Strike
0-1: Ball
1-1: Ball
2-1: Ball
3-1: Fly out, F9 (Flyball, 9LM)
Runner from 3rd tags up, SCORES, throw made
Batting: LHB Burt Ward 0-0: Called Strike
0-1: Ball
1-1: Foul Ball, location: 2F
1-2: Ground out 4-3 (Groundball, 4)
Bottom of the 4th over - 1 run, 2 hits, 0 errors, 1 left on base; Mexico City 0 - Albuquerque 5
TOP OF THE 5TH
Mexico City Cerveceros batting - Pitching for Albuquerque Isotopes : LHP Sean Perry
Batting: RHB Esteban Concepción 0-0: SINGLE (Groundball, 6MD)
Batting: RHB Juan Brieno 0-0: Ball
1-0: 2-RUN HOME RUN (Flyball, 7D), Distance : 381 ft
Batting: RHB Rick Ayliffe 0-0: Ball
1-0: Called Strike
1-1: Foul Ball, location: 2F
1-2: Ball
2-2: Foul Ball, location: 2F
2-2: Strikes out swinging
Batting: LHB Dan Hamilton 0-0: Called Strike
0-1: Ground out 4-3 (Groundball, 4)
Batting: RHB John Dinkins 0-0: Ball
1-0: Called Strike
1-1: Ball
2-1: Fly out, F7 (Flyball, 7LS)
Top of the 5th over - 2 runs, 2 hits, 0 errors, 0 left on base; Mexico City 2 - Albuquerque 5
BOTTOM OF THE 5TH
Albuquerque Isotopes batting - Pitching for Mexico City Cerveceros : RHP Luis Libán
Pitching: RHP Manuel Zarate
Batting: LHB Fernando Ortíz 0-0: Foul Ball, location: 2F
0-1: Foul Ball, location: 2F
0-2: Strikes out swinging
Batting: RHB Jesse McKnight 0-0: Swinging Strike
0-1: Ball
1-1: Called Strike
1-2: SINGLE (Groundball, 34D)
Batting: LHB Tanyu Imai 0-0: Ball
1-0: Grounds into double play, 4-6-3 (Groundball, 4)
Bottom of the 5th over - 0 runs, 1 hit, 0 errors, 0 left on base; Mexico City 2 - Albuquerque 5
TOP OF THE 6TH
Mexico City Cerveceros batting - Pitching for Albuquerque Isotopes : LHP Sean Perry
Batting: LHB Mike Harris 0-0: Ball
1-0: Fly out, F9 (Flyball, 9LMF)
Batting: RHB Juan Estrada 0-0: Foul Ball, location: 2F
0-1: Ball
1-1: Ball
2-1: Ball
3-1: Base on Balls
Batting: RHB Ray Ervin 0-0: Swinging Strike
0-1: Ball
Juan Estrada steals 2nd base
1-1: Ball
2-1: Ball
3-1: Base on Balls
Batting: LHB John Bond 0-0: Ball
Juan Estrada steals 3rd base
Ray Ervin to second
1-0: Foul Ball, location: 2F
1-1: Fly out, F5 (Popup, 5SF)
Batting: RHB Esteban Concepción 0-0: Called Strike
0-1: Ball
1-1: Ball
2-1: Called Strike
2-2: Ball
3-2: Base on Balls
Batting: RHB Juan Brieno 0-0: Called Strike
0-1: Ball
1-1: Called Strike
1-2: Foul Ball, location: 2F
1-2: Strikes out swinging
Top of the 6th over - 0 runs, 0 hits, 0 errors, 3 left on base; Mexico City 2 - Albuquerque 5
BOTTOM OF THE 6TH
Albuquerque Isotopes batting - Pitching for Mexico City Cerveceros : RHP Manuel Zarate
Batting: LHB José González 0-0: Ball
1-0: Swinging Strike
1-1: Ground out U3 (Groundball, 34)
Batting: LHB Denny Poole 0-0: Ball
1-0: Foul Ball, location: 2F
1-1: Called Strike
1-2: Ball
2-2: Reached on error, E8 (Flyball, 8RM)
Batting: RHB Piotr Zahn 0-0: Ball
1-0: Swinging Strike
1-1: Fly out, F3 (Popup, 3S)
Batting: LHB Wally Harris 0-0: Foul Ball, location: 2F
0-1: Foul Ball, location: 2F
0-2: Ball
1-2: Foul Ball, location: 2F
1-2: Ball
2-2: Ball
3-2: 2-RUN HOME RUN (Flyball, 9D), Distance : 367 ft
Batting: RHB Will Stafford 0-0: Ball
1-0: Ball
2-0: Ball
3-0: Base on Balls
Batting: LHB Burt Ward 0-0: Foul Ball, location: 2F
0-1: Ball
1-1: Ball
2-1: Called Strike
2-2: Foul Ball, location: 2F
2-2: Foul Ball, location: 2F
2-2: Foul Ball, location: 2F
2-2: Ground out 4-3 (Groundball, 4S)
Bottom of the 6th over - 2 runs, 1 hit, 1 error, 1 left on base; Mexico City 2 - Albuquerque 7
TOP OF THE 7TH
Mexico City Cerveceros batting - Pitching for Albuquerque Isotopes : LHP Sean Perry
Pitching: RHP James Waddell
Batting: RHB Rick Ayliffe 0-0: Ball
1-0: Called Strike
1-1: Ball
2-1: Ball
3-1: Foul Ball, location: 2F
3-2: Base on Balls
Batting: LHB Dan Hamilton 0-0: Ball
1-0: Ball
2-0: Ball
3-0: Called Strike
3-1: Base on Balls
Rick Ayliffe to second
Batting: RHB John Dinkins 0-0: Called Strike
0-1: Called Strike
0-2: Foul Ball, location: 2F
0-2: Ball
1-2: Ground out 4-3 (Groundball, 4S)
Rick Ayliffe to third
Dan Hamilton to second
Batting: LHB Mike Harris 0-0: Ball
1-0: Foul Ball, location: 2F
1-1: Foul Ball, location: 2F
1-2: Foul Ball, location: 2F
1-2: Strikes out swinging
Batting: RHB Juan Estrada 0-0: Called Strike
0-1: Foul Ball, location: 2F
0-2: Ball
1-2: Ball
2-2: Foul Ball, location: 2F
2-2: Ground out 5-3 (Groundball, 5L)
Top of the 7th over - 0 runs, 0 hits, 0 errors, 2 left on base; Mexico City 2 - Albuquerque 7
BOTTOM OF THE 7TH
Albuquerque Isotopes batting - Pitching for Mexico City Cerveceros : RHP Manuel Zarate
Batting: LHB Fernando Ortíz 0-0: Ball
1-0: Called Strike
1-1: Called Strike
1-2: Foul Ball, location: 2F
1-2: Ball
2-2: Strikes out swinging
Batting: RHB Jesse McKnight 0-0: Called Strike
0-1: Ground out 1-3 (Groundball, P)
Batting: LHB Tanyu Imai 0-0: Ground out 4-3 (Groundball, 4)
Bottom of the 7th over - 0 runs, 0 hits, 0 errors, 0 left on base; Mexico City 2 - Albuquerque 7
TOP OF THE 8TH
Mexico City Cerveceros batting - Pitching for Albuquerque Isotopes : RHP James Waddell
Batting: RHB Ray Ervin 0-0: Ball
1-0: Ball
2-0: Ball
3-0: Base on Balls
Batting: LHB John Bond 0-0: SINGLE (Line Drive, 9LS)
Ray Ervin to second
Runner from 2nd tries for 3rd, SAFE, no throw
Batting: RHB Esteban Concepción 0-0: Ball
1-0: Ball
2-0: Ball
3-0: Base on Balls
John Bond to second
Batting: RHB Juan Brieno 0-0: SINGLE (Line Drive, 34D)
Ray Ervin scores
John Bond to third
Esteban Concepción to second
Batting: RHB Rick Ayliffe 0-0: Foul Ball, location: 2F
0-1: Ball
1-1: Fly out, F7 (Flyball, 7LM)
Runner from 3rd tags up, OUT at HOME
Esteban Concepción to third
Juan Brieno to second
Batting: LHB Dan Hamilton 0-0: Called Strike
0-1: Called Strike
0-2: Strikes out swinging
Top of the 8th over - 1 run, 2 hits, 0 errors, 2 left on base; Mexico City 3 - Albuquerque 7
BOTTOM OF THE 8TH
Albuquerque Isotopes batting - Pitching for Mexico City Cerveceros : RHP Manuel Zarate
Batting: LHB José González 0-0: Ground out U3 (Groundball, 3L)
Batting: LHB Denny Poole 0-0: Swinging Strike
0-1: Ball
1-1: Ball
2-1: Ball
3-1: Foul Ball, location: 2F
3-2: Base on Balls
Batting: RHB Piotr Zahn 0-0: Ball
1-0: Called Strike
1-1: Foul Ball, location: 2F
1-2: Ball
2-2: Fly out, F8 (Flyball, 8LXD)
Pitching: RHP Tex Perkins
Batting: LHB Wally Harris 0-0: Foul Ball, location: 2F
0-1: Ball
1-1: Called Strike
1-2: Strikes out swinging
Bottom of the 8th over - 0 runs, 0 hits, 0 errors, 1 left on base; Mexico City 3 - Albuquerque 7
TOP OF THE 9TH
Mexico City Cerveceros batting - Pitching for Albuquerque Isotopes : RHP James Waddell
Batting: RHB John Dinkins 0-0: Ball
1-0: Called Strike
1-1: Swinging Strike
1-2: Foul Ball, location: 2F
1-2: Ground out 3-1 (Groundball, 34)
Batting: LHB Mike Harris 0-0: Ball
1-0: Ball
2-0: Foul Ball, location: 2F
2-1: Ball
3-1: Swinging Strike
3-2: Foul Ball, location: 2F
3-2: Foul Ball, location: 2F
3-2: Foul Ball, location: 2F
3-2: Base on Balls
Pitching: RHP António Córdova
Batting: RHB Juan Estrada 0-0: Ball
1-0: Called Strike
1-1: Swinging Strike
1-2: Ball
2-2: Ball
3-2: Ground out 5-3 (Groundball, 5S)
Mike Harris to second
Batting: RHB Ray Ervin 0-0: Ball
1-0: Ball
2-0: Ground out 1-3 (Groundball, 13S)
Top of the 9th over - 0 runs, 0 hits, 0 errors, 1 left on base; Mexico City 3 - Albuquerque 7
Saturday, April 7th, 2018 - OOTP Baseball 18.8 Build 76